 Dungeon Crawl Stone Soup version 0.31.0-11-ge490571c62 (webtiles) character file.

Game seed: 1216240835986328361

205 Gadfly the Ruffian (level 5, -3/38 HPs)
             Began as a Demonspawn Shapeshifter on Jan 27, 2024.
             Killed by divine providence
             ... invoked by an orc priest
              (14 damage)
             ... on level 3 of the Dungeon.
             The game lasted 00:06:43 (2419 turns).

Gadfly the Ruffian (Demonspawn Shapeshifter)        Turns: 2419, Time: 00:06:45

Health: -3/38      AC:  3    Str: 16    XL:     5   Next: 52%
Magic:  5/5        EV: 13    Int: 10    God:
Gold:   270        SH:  9    Dex: 13    Spells: 1/4 levels left

rFire   . .          .
                       - Unarmed
rCold   . . .        (no shield)
rNeg    . . .        a - +1 animal skin
rPois   .            (helmet currently unavailable)
rElec   .            (cloak currently unavailable)
rCorr   .            (gloves currently unavailable)
SInv    .            (boots currently unavailable)
Will    .....        i - amulet of reflection
Stlth   +            (no ring)
HPRegen 0.26/turn    (no ring)
MPRegen 0.09/turn

%: reflection
@: beast-form
A: beast (slay +1), hooves 2, condensation shield
a: Begin Untransformation


You were on level 3 of the Dungeon.
You were a hulking beast.
You visited 1 branch of the dungeon, and saw 3 of its levels.

You collected 270 gold pieces.

Inventory:

Hand Weapons
 f - a +0 halberd of protection
Armour
 a - a +1 animal skin (worn)
Jewellery
 i - an amulet of reflection (around neck)
Talismans
 c - a beast talisman
 d - a flux talisman
Wands
 j - a wand of roots (19) (quivered)
 m - a wand of polymorph (6)
Scrolls
 k - a scroll of identify
 l - a scroll of teleportation
Potions
 b - 2 potions of lignification
 e - a potion of curing
 g - a potion of mutation {unknown}
 h - a potion of heal wounds {unknown}


   Skills:
 + Level 2.2 Fighting
 * Level 3.2 Dodging
 + Level 3.3 Unarmed Combat
 * Level 2.5 Evocations
 + Level 3.1 Shapeshifting


You had one spell level left.
You knew the following spells:

 Your Spells              Type           Power      Damage    Failure   Level
a - Ozocubu's Armour      Ice            0%         N/A       75%         3

Your spell library contained the following spells:

 Spells                   Type           Power      Damage    Failure   Level
 Freeze                   Ice            0%         1d3       36%         1
 Magic Dart               Conj           0%         1d3       36%         1
 Slow                     Hex            0%         N/A       36%         1
 Call Canine Familiar     Summ           0%         N/A       75%         3
 Inner Flame              Hex/Fire       0%         N/A       75%         3
 Sigil of Binding         Hex            0%         N/A       75%         3
 Dimensional Bullseye     Hex/Tloc       0%         N/A       98%         4
 Irradiate                Conj/Alch      0%         3d11      100%        5
 Metabolic Englaciation   Hex/Ice        0%         N/A       100%        5
 Sculpt Simulacrum        Ice/Alch       0%         N/A       100%        6
 Ignition                 Fire           0%         3d3       100%        8


Dungeon Overview and Level Annotations

Branches:
Dungeon (3/15)

Altars:
Sif Muna

Shops:
D:1 (


Innate Abilities, Weirdness & Mutations

You are a hulking beast.
Your limbs bulge with bestial killing power. (Slay +1)
You have hoof-like feet.
A meltable shield of frost defends you. (SH +4)


Message History

The orc priest is severely wounded.
The orc priest invokes the aid of Beogh against you.
Pain shoots through your body!
You are too injured to fight recklessly!
You are too injured to fight recklessly!
You are too injured to fight recklessly!
You are too injured to fight recklessly!
You are too injured to fight recklessly!
You are too injured to fight recklessly!
You are too injured to fight recklessly!
You are too injured to fight recklessly!
You are too injured to fight recklessly!
You are too injured to fight recklessly!
You are too injured to fight recklessly!
You are too injured to fight recklessly!
You are too injured to fight recklessly!
You are too injured to fight recklessly!
You are too injured to fight recklessly!
You are too injured to fight recklessly!
You are too injured to fight recklessly!
You are too injured to fight recklessly!
You are too injured to fight recklessly!
You are too injured to fight recklessly!
Unknown command.
You closely miss the orc priest.
The orc priest is severely wounded.
An orc comes into view. It is wielding a +0 trident.
The orc priest hits you with a +1 falchion of protection.
* * * LOW HITPOINT WARNING * * *
You closely miss the orc priest. Your kick misses the orc priest.
The orc priest is severely wounded.
The orc hits you but does no damage. The orc priest closely misses you.
You hit the orc priest but do no damage.
You kick the orc priest, but do no damage.
Your punch misses the orc priest.
The orc priest is severely wounded.
You block the orc's attack.
The orc priest mumbles some strange prayers to Beogh against you.
Beogh smites you!
You die...

##..............#
#.#
##.########.#####
#.# ...# #.# #.#
##.# #.# ###.##
#.# #.# #.....
##.# #.# #.#.##
##.# #.#
#####.#.## ##.#
#.# #####
#.......>. ...#
#.# #oh.##
#.###).### ####
#o###.###
#.#....# # #
#...# #.#.#.## #
#.#.# #.#.#.# #
..##.# #.#.#.# #
### #.# #.#.#.# #
# #.# #.#.#.####
# #######.### #.#
#.........
####.........#
###.#####.#.####


You could see an orc priest and an orc.

Vanquished Creatures
  An orc priest (D:2)
  Jessica (D:3)
  3 gnolls (D:2)
  5 adders
  2 dart slugs
  A ribbon worm (D:2)
  4 orcs
  7 endoplasms
  2 giant cockroaches
  6 goblins
  4 hobgoblins
  2 quokkas
  7 ball pythons
  5 bats
  7 frilled lizards
  6 kobolds
  9 rats
72 creatures vanquished.

Notes
Turn   | Place    | Note
-------+----------+-------------------------------------------
     0 | D:1      | Gadfly the Demonspawn Shapeshifter began the quest for the
                  | Orb.
     0 | D:1      | Reached XP level 1. HP: 15/15 MP: 1/1
   242 | D:1      | Gained mutation: You have large cloven feet. [demonic
                  | ancestry]
   242 | D:1      | Reached XP level 2. HP: 18/21 MP: 2/2
   310 | D:1      | Reached skill level 1 in Evocations
   630 | D:1      | Gained mutation: A meltable shield of frost defends you.
                  | (SH +4) [demonic ancestry]
   630 | D:1      | Reached XP level 3. HP: 26/26 MP: 3/3
   679 | D:1      | Found Werov's Antique Weapon Emporium.
   842 | D:2      | Got Willworking, Part One
  1182 | D:2      | Gained mutation: You have hoof-like feet. [demonic
                  | ancestry]
  1182 | D:2      | Reached XP level 4. HP: 33/33 MP: 4/4
  1450 | D:2      | Reached XP level 5. HP: 35/38 MP: 5/5
  1642 | D:2      | Learned a level 3 spell: Ozocubu's Armour
  2167 | D:3      | Noticed Jessica
  2180 | D:3      | Killed Jessica
  2202 | D:3      | Found a shimmering blue altar of Sif Muna.
  2419 | D:3      | Killed from afar by an orc priest

Illustrated notes

Levels and vault maps discovered:
D:1:      dpeg_arrival_arbitrary_b, layout_loops_cross, serial_shops,
          nicolae_shop_waterfront, minmay_surrounded
D:2:      cheibrodos_pilgrimage, layout_loops_cross, item_on_display_a
D:3:      layout_loops_ring, trog_hazing_becter, tgw_sif

Skill      XL: |  1  2  3  4  5 |
---------------+----------------+-----
Dodging        | 2 3 |  3.2
Evocations     | 1 2 |  2.5
Unarmed Combat | 3 |  3.3
Shapeshifting  | 3 |  3.1
Fighting       | 2 |  2.2

Action                     |  1- 3 |  4- 6 || total
---------------------------+-------+-------++-------
  Melee: Unarmed           |   103 |   105 ||   208
         Kick              |    18 |    32 ||    50
         Punch             |       |     3 ||     3
    Use: Scroll            |     7 |     1 ||     8
   Stab: Sleeping          |       |     1 ||     1
 Armour: Animal skin       |    39 |    33 ||    72
  Dodge: Dodged            |    53 |    36 ||    89
  Block: Other             |    13 |    29 ||    42
